 Dungeon Crawl Stone Soup version 0.29.1-15-g9cfb28693d (webtiles) character file.

Game seed: 15354116706863092370

152 H0rd4k the Charlatan (level 5, 0/38 HPs)
             Began as a Human Artificer on Apr 20, 2023.
             Slain by an adder (2 damage)
             ... on level 3 of the Dungeon.
             The game lasted 00:03:07 (2656 turns).

H0rd4k the Charlatan (Human Artificer)              Turns: 2656, Time: 00:03:07

Health: 0/38       AC:  3    Str: 12    XL:     5   Next: 60%
Magic:  5/5        EV: 11    Int: 13    God:
Gold:   89         SH:  0    Dex: 14    Spells: 4/4 levels left

rFire   . . .      SeeInvis .   h - +0 rapier
rCold   . . .      Faith    .   (no shield)
rNeg    . . .      Spirit   .   b - +0 leather armour
rPois   .          Reflect  .   (no helmet)
rElec   .          Harm     .   (no cloak)
rCorr   .          Rampage  .   (no gloves)
Will    .....                   (no boots)
Stlth   +.........              (no amulet)
HPRegen 0.12/turn               o - ring of wizardry
MPRegen 0.09/turn               (no ring)

@: lethally poisoned (0 -> -4), very slow
A: no striking features
a: no special abilities


You were on level 3 of the Dungeon.
You visited 1 branch of the dungeon, and saw 3 of its levels.

You collected 89 gold pieces.

Inventory:

Hand Weapons
 h - a +0 rapier (weapon)
 r - a +1 whip of holy wrath
Armour
 b - a +0 leather armour (worn)
Jewellery
 o - a ring of wizardry (left hand)
Wands
 c - a wand of flame (5) (quivered)
 d - a wand of charming (15)
 e - a wand of iceblast (3)
Scrolls
 a - 2 scrolls of vulnerability {unknown}
 f - 2 scrolls of noise {unknown}
 g - a scroll of immolation {unknown}
 k - a scroll of amnesia {unknown}
 m - a scroll of magic mapping {unknown}
 q - a scroll of enchant weapon {unknown}
 u - a scroll of teleportation {unknown}
Potions
 i - 2 potions of mutation {unknown}
 j - a potion of berserk rage {unknown}
 l - a potion of heal wounds {unknown}
 n - a potion of ambrosia {unknown}
 p - a potion of brilliance {unknown}
 s - a potion of curing {unknown}
 t - a potion of might {unknown}


   Skills:
 + Level 2.0 Fighting
 + Level 1.8 Short Blades
 + Level 1.9 Maces & Flails
 - Level 2.0 Armour
 + Level 1.8 Dodging
 + Level 1.6 Stealth
 + Level 4.0 Evocations


You had 4 spell levels left.
You didn't know any spells.
Your spell library contained the following spells:

 Spells                   Type           Power      Damage    Failure   Level
 Magic Dart               Conj           0%         1d3       16%         1
 Summon Small Mammal      Summ           0%         N/A       16%         1
 Blink                    Tloc           0%         N/A       24%         2
 Call Imp                 Summ           0%         N/A       24%         2
 Call Canine Familiar     Summ           0%         N/A       41%         3
 Lesser Beckoning         Tloc           0%         N/A       41%         3
 Mephitic Cloud           Conj/Pois/Air  0%         N/A       41%         3
 Summon Guardian Golem    Hex/Summ       0%         N/A       41%         3
 Olgreb's Toxic Radiance  Pois           0%         N/A       80%         4
 Manifold Assault         Tloc           0%         N/A       98%         5
 Ozocubu's Refrigeration  Ice            0%         4d7       100%        7
 Ignition                 Fire           0%         3d3       100%        8


Dungeon Overview and Level Annotations

Branches:
Dungeon (3/15)

Altars:

Portals:
Sewer: D:3


Message History

Your unstable footing causes you to fumble your attack.
The adder closely misses you.
You miss the adder. The adder bites you.
Your unstable footing causes you to fumble your attack.
The adder bites you but does no damage. x2
You hit the adder.
The adder is lightly wounded.
You hear the rusting of a drain.
The adder bites you but does no damage.
Your unstable footing causes you to fumble your attack.
The adder bites you. x2
You hit the adder.
The adder is severely wounded.
The adder bites you but does no damage.
You hit the adder.
The adder is severely wounded.
The adder bites you. The adder barely misses you.
You closely miss the adder.
The adder is severely wounded.
The adder bites you but does no damage.
Your unstable footing causes you to fumble your attack.
The adder bites you.
You are poisoned.
The adder poisons you! The adder misses you.
You hit the adder.
The adder is almost dead.
You feel sick. The adder bites you but does no damage.
Your unstable footing causes you to fumble your attack.
You feel sick. The adder bites you.
* * * LOW HITPOINT WARNING * * *
You are lethally poisoned!
The adder poisons you! The adder bites you.
* * * LOW HITPOINT WARNING * * *
Your unstable footing causes you to fumble your attack.
* * * LOW HITPOINT WARNING * * *
You feel sick. The adder bites you but does no damage.
Your unstable footing causes you to fumble your attack.
* * * LOW HITPOINT WARNING * * *
You feel sick. The adder bites you.
You die...

... ...#### #.#.
...##.....#####.#.
#.........##...#.
#.........#.....
#>........#.....
#.........#.....
#....>....#.....
############.b#.##..
#.~@S~~~~∩~#....#...
######.##########......#†
....................#.###.
....######............# #.
.. #...........## #.
#..#.........# #.
.....<........# #.
....#...###.........
.......... ...8#8.###


You could see an adder.

Vanquished Creatures
  A necrophage (D:3)
  Jessica (D:3)
  2 adders (D:2)
  2 dart slugs
  3 bats (D:3)
  4 endoplasms
  7 goblins
  3 hobgoblins
  3 kobolds
  A quokka (D:1)
  5 ball pythons
  8 frilled lizards
  9 rats
49 creatures vanquished.

Vanquished Creatures (others)
  2 plants (D:3)
2 creatures vanquished.

Grand Total: 51 creatures vanquished

Notes
Turn   | Place    | Note
-------+----------+-------------------------------------------
     0 | D:1      | H0rd4k the Human Artificer began the quest for the Orb.
     0 | D:1      | Reached XP level 1. HP: 15/15 MP: 1/1
   397 | D:1      | Reached XP level 2. HP: 21/21 MP: 2/2
   992 | D:1      | Reached XP level 3. HP: 26/26 MP: 3/3
  1025 | D:1      | Reached skill level 1 in Maces & Flails
  2136 | D:2      | Reached XP level 4. HP: 32/32 MP: 4/4
  2353 | D:3      | Noticed Jessica
  2359 | D:3      | Killed Jessica
  2452 | D:3      | Reached skill level 1 in Short Blades
  2460 | D:3      | Noticed a necrophage
  2465 | D:3      | Killed a necrophage
  2466 | D:3      | Reached skill level 4 in Evocations
  2466 | D:3      | Reached XP level 5. HP: 24/38 MP: 5/5
  2638 | D:3      | Found a glowing drain.
  2656 | D:3      | Slain by an adder

Illustrated notes

Levels and vault maps discovered:
D:1:      dpeg_arrival_windows_large_door, layout_basic, st_stairs_12,
          nrook_loot_triangle, corexii_hall_statues_l
D:2:      layout_loops_ring
D:3:      layout_rooms, old_standard_altar, portal_sewer_entry_d,
          grunt_ministairs_2, minmay_statues_item, solitary_fountain,
          minmay_lizard_king, uniq_jessica

Skill      XL: |  1  2  3  4  5 |
---------------+----------------+-----
Maces & Flails | 1 |  1.9
Short Blades   | 1 |  1.8
Evocations     | 4 |  4.0
Fighting       | 2 |  2.0
Armour         | |  2.0
Dodging        | |  1.8
Stealth        | |  1.6

Action                   |  1- 3 |  4- 6 || total
-------------------------+-------+-------++-------
Melee: Club              |    73 |       ||    73
       Punch             |     1 |     1 ||     2
       Rapier            |    53 |    73 ||   126
Evoke: Wand              |     8 |     4 ||    12
 Stab: Sleeping          |     2 |     1 ||     3
Armor: Leather armour    |    41 |    32 ||    73
Dodge: Dodged            |    82 |    64 ||   146
